 Dungeon Crawl Stone Soup version 0.30-a0-575-g6f4a10e2d2 (webtiles) character file.

Game seed: 15384192319743727074

7576 Triamas the Carver (level 11, 0/73 (86) HPs)
             Began as a Human Fighter on Dec 30, 2022.
             Was a Plaything of Xom.
             Succumbed to a cane toad's poison
             ... on level 1 of the Lair of Beasts.
             The game lasted 01:20:34 (6661 turns).

Triamas the Carver (Human Fighter)                  Turns: 6661, Time: 01:20:35

HP:   0/73 (86)     AC:  9    Str: 21    XL:     11   Next: 39%
MP:   11/11         EV: 18    Int:  9    God:    Xom [*.....]
Gold: 63            SH:  5    Dex: 12    Spells: 8/10 levels left

rFire   + . .      SeeInvis .    I - +1 falchion (holy)
rCold   . . .      Faith    .    c - +0 buckler
rNeg    . . .      Spirit   .    D - +0 troll leather armour {Pargi}
rPois   .          Reflect  .    y - +0 helmet
rElec   .          Harm     .    (no cloak)
rCorr   .          Rampage  .    o - +2 pair of gloves
Will    .....                    (no boots)
Stlth   ++                       n - amulet of regeneration
HPRegen 1.92/turn                s - +5 ring of evasion
MPRegen 0.12/turn                A - ring of protection from fire

@: lethally poisoned (0 -> -6), heavily drained, unable to read
A: hooves 1, inability to read after injury 1, MP-powered wands
a: Renounce Religion


You were on level 1 of the Lair of Beasts.
You worshipped Xom.
You were a special plaything of Xom.
You visited 3 branches of the dungeon, and saw 10 of its levels.

You collected 125 gold pieces.
You spent 62 gold pieces at shops.

Inventory:

Hand Weapons
 a - a +0 long sword
 f - a +0 falchion
 u - a +0 spear of venom
 F - a +2 hand axe of venom
 I - a +1 falchion of holy wrath (weapon)
 P - a +2 war axe of flaming
Missiles
 k - 4 poisoned darts
 E - 5 boomerangs (quivered)
Armour
 b - a +0 scale mail
 c - a +0 buckler (worn)
 e - a +0 plate armour
 h - a +2 robe of positive energy
 o - a +2 pair of gloves (worn)
 y - a +0 helmet (worn)
 D - a +0 troll leather armour (worn) {Pargi}
 H - a +3 scale mail
Jewellery
 n - an amulet of regeneration (around neck)
 s - a +5 ring of evasion (left hand)
 A - a ring of protection from fire (right hand)
 J - a ring of ice
Wands
 p - a wand of roots (8)
 q - a wand of digging (5)
 v - a wand of flame (11)
 C - a wand of mindburst (6)
 N - a wand of paralysis (12)
Scrolls
 g - 2 scrolls of teleportation
 i - a scroll of vulnerability
 r - 2 scrolls of noise
 w - a scroll of torment {unknown}
 x - 2 scrolls of identify
 G - a scroll of immolation {unknown}
 K - a scroll of blinking
 L - 2 scrolls of silence
 O - a scroll of amnesia {unknown}
Potions
 d - a potion of might
 j - 4 potions of attraction
 l - a potion of ambrosia {unknown}
 m - 4 potions of flight
 t - 4 potions of brilliance
 z - 2 potions of magic
 M - 2 potions of berserk rage


   Skills:
 + Level 8.1 Fighting
 + Level 11.4 Long Blades
 + Level 5.5 Armour
 + Level 6.8 Dodging
 + Level 2.2 Stealth
 + Level 6.2 Shields
 + Level 0.6 Evocations


You had 8 spell levels left.
You knew the following spells:

 Your Spells              Type           Power      Damage    Failure   Level
a - Necrotise             Necr           0%         1d4       52%         1
b - Foxfire               Conj/Fire      0%         2x1d4     52%         1

Your spell library contained the following spells:

 Spells                   Type           Power      Damage    Failure   Level
 Summon Small Mammal      Summ           0%         N/A       52%         1
 Call Canine Familiar     Summ           0%         N/A       87%         3
 Summon Guardian Golem    Hex/Summ       0%         N/A       87%         3
 Vampiric Draining        Necr           0%         2d6       87%         3
 Animate Armour           Summ/Erth      0%         N/A       99%         4
 Agony                    Necr           0%         N/A       100%        5
 Blade Hands              Tmut           0%         N/A       100%        5
 Fireball                 Conj/Fire      0%         3d3       100%        5
 Iskenderun's Battlesphe  Conj           0%         2d6       100%        5
 Summon Forest            Summ/Tloc      0%         N/A       100%        5
 Summon Mana Viper        Hex/Summ       0%         N/A       100%        5
 Conjure Ball Lightning   Conj/Air       0%         3x3d7     100%        6
 Iron Shot                Conj/Erth      0%         9d1       100%        6
 Starburst                Conj/Fire      0%         6d3       100%        6
 Summon Cactus Giant      Summ           0%         N/A       100%        6
 Orb of Destruction       Conj           0%         9d5       100%        7


Dungeon Overview and Level Annotations

Branches:
Dungeon (8/15)             Temple (1/1) D:6            Lair (1/5) D:8

Altars:
Ashenzari
Cheibriados
Dithmenos
Elyvilon
Fedhas
Gozag
Kikubaaqudgha
Makhleb
Nemelex Xobeh
Okawaru
Qazlal
Ru
Sif Muna
Trog
Uskayaw
Vehumet
Wu Jian
Xom
Yredelemnul
Zin
The Shining One

Shops:
D:3 *   D:4 [   D:8 *


Innate Abilities, Weirdness & Mutations

You have large cloven feet.
You occasionally lose the ability to read scrolls when taking damage.
You expend magic power (3 MP) to strengthen your wands.


Message History

You now have 63 gold pieces (gained 11).
Found an escape hatch in the floor.
You are now a special plaything of Xom.
There is an escape hatch in the floor here.
Found a book of the Wilderness.
Found 7 stones.
You pick up a book of the Wilderness and begin reading...
You add the spells Summon Forest, Summon Mana Viper and Summon Cactus Giant to your library.
You see here 7 stones. 2 cane toads come into view.
The cane toad gives a loud, deep croak! x2
The cane toad misses you. The cane toad stings you!
You are poisoned.
The cane toad poisons you!
You feel very sick.
You hit the cane toad but do no damage. Your kick misses the cane toad.
You feel sick. The cane toad barely misses you.
The cane toad attacks as you move away! The cane toad completely misses you.
You feel sick.
The cane toad stings the fungus.
The fungus begins to die.
The fungus looks as sick as possible!
The cane toad poisons the fungus!
You hit the cane toad but do no damage. Your kick misses the cane toad.
You feel sick. The cane toad stings you!
The cane toad stings the fungus!
You slash the cane toad!
The cane toad is moderately wounded.
You feel sick. The cane toad stings you.
The cane toad stings the fungus!!
You hit the cane toad. Your kick misses the cane toad.
The cane toad is moderately wounded.
You feel sick. The cane toad stings you!
You feel threatened and lose the ability to read scrolls!
* * * LOW HITPOINT WARNING * * *
You barely miss the cane toad.
The cane toad is moderately wounded.
You feel sick.
The cane toad stings the fungus!
The cane toad stings you!!
* * * LOW HITPOINT WARNING * * *
You are lethally poisoned!
The cane toad poisons you!
It was a potion of cancellation.
You feel magically purged.
You die...
Xom titters!

###......####...##.P###.........
##.........#...#######
####...... .....^...###...#..#
######. .........#.....##.# #..
............(#.#..### #...
.......#....##.##...# #^...
##.....#..####..##..# #...##
##...##..# ##..#..# ..##
######.## #.#@FF## #.# ####P##
### ###


You could see 2 cane toads.

Vanquished Creatures
  The ghost of Bnni the Vexing, a novice FoHs (D:5)
  4 elephants (Lair:1)
  Maurice (D:8)
  A komodo dragon (Lair:1)
  A hornet (D:7)
  4 blink frogs (Lair:1)
  Sigmund (D:5)
  A wyvern (D:7)
  2 sky beasts
  Pargi (D:4)
  3 black bears
  2 ice beasts
  2 ogres
  6 bullfrogs
  4 scorpions
  8 wights (D:8)
  6 jellies
  2 hounds
  A gnoll bouda (D:5)
  An orc priest (D:4)
  Jessica (D:3)
  4 iguanas
  An orc wizard (D:6)
  5 gnolls
  6 adders
  A white imp (D:6)
  An ufetubus (D:5)
  2 worms (D:2)
  4 dart slugs
  20 orcs
  5 ball pythons
  7 bats
  13 endoplasms
  2 giant cockroaches (D:2)
  5 goblins
  5 hobgoblins
  4 jackals (D:4)
  A quokka (D:2)
  4 frilled lizards
  9 kobolds
  5 rats
157 creatures vanquished.

Vanquished Creatures (collateral kills)
  A two-headed ogre (D:8)
  A slime creature (D:7)
  A blink frog (Lair:1)
  A water moccasin (Lair:1)
  A sky beast (D:7)
  A bullfrog (D:8)
  A gnoll sergeant (D:8)
  2 jellies (D:7)
  A hound (D:8)
  3 gnolls (D:8)
  5 endoplasms (D:7)
18 creatures vanquished.

Vanquished Creatures (others)
  A wyvern (Lair:1)
  A bullfrog (D:7)
  A jelly (D:7)
  An endoplasm (D:7)
  7 fungi
  7 plants
18 creatures vanquished.

Grand Total: 193 creatures vanquished

Notes
Turn   | Place    | Note
-------+----------+-------------------------------------------
     0 | D:1      | Triamas the Human Fighter began the quest for the Orb.
     0 | D:1      | Reached XP level 1. HP: 18/18 MP: 1/1
   130 | D:1      | Reached XP level 2. HP: 24/24 MP: 2/2
   523 | D:1      | Reached XP level 3. HP: 29/29 MP: 3/3
   881 | D:2      | Reached XP level 4. HP: 35/35 MP: 4/4
   950 | D:2      | You fall into a shaft and drop 2 floors!
  1027 | D:4      | Reached skill level 3 in Long Blades
  1032 | D:4      | Noticed an ogre
  1145 | D:3      | Found Laohe's Assorted Antiques.
  1153 | D:3      | Bought a scroll labelled OWOFUV FEDY for 31 gold pieces
  1153 | D:3      | Bought a scroll labelled COUTAF FIMEI for 31 gold pieces
  1405 | D:3      | Noticed Jessica
  1410 | D:3      | Killed Jessica
  1411 | D:3      | Reached XP level 5. HP: 41/41 MP: 5/5
  1993 | D:4      | Found Luidaypn's Armour Emporium.
  2122 | D:3      | Killed an ogre
  2123 | D:3      | Reached skill level 4 in Long Blades
  2123 | D:3      | Reached XP level 6. HP: 39/48 MP: 6/6
  2218 | D:4      | Noticed Pargi
  2244 | D:4      | Killed Pargi
  2664 | D:5      | Entered Level 5 of the Dungeon
  2681 | D:5      | Reached skill level 5 in Long Blades
  2681 | D:5      | Reached XP level 7. HP: 44/54 MP: 7/7
  2833 | D:5      | Noticed Sigmund
  2835 | D:5      | Gained mutation: You occasionally lose the ability to read
                  | scrolls when taking damage. [potion of mutation]
  2921 | D:5      | Killed Sigmund
  2922 | D:5      | Reached skill level 6 in Long Blades
  2922 | D:5      | Reached skill level 1 in Dodging
  2951 | D:5      | Found a runed translucent door.
  2963 | D:5      | Noticed Bnni's ghost (novice FoHs)
  2967 | D:5      | Reached XP level 8. HP: 54/60 MP: 8/8
  3006 | D:5      | Killed Bnni's ghost
  3007 | D:5      | Reached skill level 7 in Long Blades
  3162 | D:5      | Reached skill level 5 in Fighting
  3242 | D:5      | Learned a level 1 spell: Necrotise
  3605 | D:6      | Found a shimmering altar of Xom.
  3640 | D:6      | Reached XP level 9. HP: 68/68 MP: 9/9
  3655 | D:6      | Became a worshipper of Xom of Chaos
  3719 | D:6      | Found a staircase to the Ecumenical Temple.
  3765 | D:6      | Reached skill level 8 in Long Blades
  3774 | Temple   | Entered the Ecumenical Temple
  3897 | D:6      | XOM: potion effect (brilliance)
  3971 | D:6      | XOM: potion effect (might)
  4054 | D:6      | XOM: silly message
  4332 | D:7      | XOM: potion effect (berserk rage)
  4522 | D:7      | XOM: silly message
  4535 | D:7      | XOM: silly message
  4537 | D:7      | XOM: silly message
  4603 | D:7      | Noticed a hornet
  4609 | D:7      | Paralysed by a hornet for 3 turns
  4621 | D:7      | Paralysed by a hornet for 2 turns
  4624 | D:7      | XOM: potion effect (heal wounds)
  4630 | D:7      | XOM: potion effect (curing)
  4631 | D:7      | XOM: cast spell 'Summon Small Mammal'
  4634 | D:7      | XOM: smoke on damage
  4637 | D:7      | XOM: noise
  4642 | D:7      | Killed a hornet
  4643 | D:7      | Reached skill level 5 in Shields
  4645 | D:7      | HP: 6/154 [acid (5)]
  4646 | D:7      | XOM: divine lightning
  4877 | D:7      | XOM: give mutations
  4877 | D:7      | Gained mutation: You have large cloven feet. [Xom's grace]
  4877 | D:7      | Gained mutation: You expend magic power (3 MP) to
                  | strengthen your wands. [Xom's grace]
  4989 | D:7      | Reached skill level 9 in Long Blades
  5141 | D:7      | XOM: summons friendly red devil
  5149 | D:7      | Reached XP level 10. HP: 44/77 MP: 10/10
  5380 | D:8      | Found Zin's Purification Station.
  5380 | D:8      | Found a glowing silver altar of Zin.
  5383 | D:8      | Noticed a two-headed ogre
  5386 | D:8      | XOM: polymorph jelly -> hound
  5387 | D:8      | XOM: cast spell 'Discord'
  5396 | D:8      | Killed a two-headed ogre
  5397 | D:8      | Reached skill level 10 in Long Blades
  5397 | D:8      | Reached skill level 5 in Armour
  5397 | D:8      | Reached skill level 1 in Stealth
  5413 | D:8      | Found an ornate altar of the Wu Jian Council.
  5443 | D:8      | Found a shadowy altar of Dithmenos.
  5449 | D:8      | Reached skill level 5 in Dodging
  5467 | D:8      | Found a staircase to the Lair.
  5526 | D:8      | Noticed Maurice
  5541 | D:8      | Paralysed by Maurice for 2 turns
  5542 | D:8      | XOM: divination: magic mapping
  5557 | D:8      | XOM: confuse monster(s)
  5557 | D:8      | Killed Maurice
  5664 | D:8      | XOM: summons friendly ufetubus
  5716 | D:8      | Learned a level 1 spell: Foxfire
  5923 | D:8      | Found an ancient bone altar of Kikubaaqudgha.
  5933 | D:8      | Found a radiant altar of Vehumet.
  5955 | Lair:1   | Entered Level 1 of the Lair of Beasts
  5957 | Lair:1   | XOM: enchant monster (good)
  6003 | Lair:1   | Noticed a komodo dragon
  6025 | Lair:1   | Killed a komodo dragon
  6082 | Lair:1   | Reached XP level 11. HP: 79/81 MP: 11/11
  6111 | Lair:1   | XOM: cleaving
  6115 | Lair:1   | XOM: summons 2 friendly demons
  6121 | Lair:1   | Noticed an elephant
  6127 | Lair:1   | Noticed an elephant
  6129 | Lair:1   | Noticed an elephant
  6129 | Lair:1   | Noticed an elephant
  6129 | Lair:1   | XOM: swap monsters
  6130 | Lair:1   | XOM: enchant monster (good)
  6156 | Lair:1   | Killed an elephant
  6158 | Lair:1   | Reached skill level 11 in Long Blades
  6164 | Lair:1   | Killed an elephant
  6171 | Lair:1   | Killed an elephant
  6181 | Lair:1   | Killed an elephant
  6224 | Lair:1   | XOM: draining
  6660 | Lair:1   | HP: 2/73 [cane toad (18)]
  6661 | Lair:1   | Succumbed to a cane toad's poison

Illustrated notes

Levels and vault maps discovered:
D:1:      doesnt_arrival_eight_statues, layout_basic, lexackson_kobold_supper
D:2:      layout_rooms, minmay_misc_feat_rows, minmay_close_crescents
D:3:      layout_loops_ring, serial_shops, shop, uniq_jessica
D:4:      layout_basic, serial_shops, shop, uniq_pargi
D:5:      layout_rooms, ebering_ghost_sewer_d, uniq_sigmund
D:6:      layout_basic, mainiacjoe_overflow_surrounded_room,
          minmay_temple_entry_ruins, chequers_jeans
D:7:      lemuel_slime, layout_basic
D:8:      layout_rooms, zin_purify, mainiacjoe_overflow_catwalk_spiral,
          amethyst_overflow_temple_binary, lair_entry_dummy, uniq_maurice
Temple:   regret_index_temple_waves
Lair:1:   layout_cave_pods, beast_lair_carwin_11, infiniplex_staircase_pool_2,
          lemuel_fruit_tree

Skill      XL: |  1  2  3  4  5  6  7  8  9 10 11 |
---------------+----------------------------------+-----
Long Blades    | 3 4 5 6 7 9 10 11 | 11.4
Armour         | 4 5 |  5.5
Fighting       | 4 5 6 7 8 |  8.1
Dodging        | 1 3 4 5 6 |  6.8
Shields        | 4 5 6 |  6.2
Stealth        | 1 2 |  2.2
Evocations     | |  0.6

Action                   |  1- 3 |  4- 6 |  7- 9 | 10-12 || total
-------------------------+-------+-------+-------+-------++-------
Melee: Long sword        |   119 |   171 |   163 |       ||   453
       Falchion          |       |       |   286 |   222 ||   508
       Kick              |       |       |    19 |    83 ||   102
Evoke: Wand              |       |     3 |     4 |       ||     7
  Use: Scroll            |       |     4 |     9 |       ||    13
       Potion            |       |       |    12 |     5 ||    17
 Stab: Distracted        |       |       |     1 |     1 ||     2
Armor: Plate armour      |    87 |   126 |       |       ||   213
       Troll leather arm |       |     8 |   140 |    44 ||   192
       Skin              |       |       |    31 |       ||    31
Dodge: Dodged            |    28 |    65 |   232 |   180 ||   505
Block: Buckler           |    35 |    50 |   113 |    51 ||   249

Table legend: (Time is in decaauts)
 A = Elapsed time spent in this place.
 B = Non-inter-level travel time spent in this place.
 C = Inter-level travel time spent in this place.
 D = Time resting spent in this place.
 E = Time spent auto-exploring this place.
 F = Levels seen in this place.
 G = Mean time per level.
                   A        B        C        D        E       F      G
               +--------+--------+--------+--------+--------+-----+--------+
         Total |   6808 |   6796 |     12 |    385 |      0 |  10 |  680.8 |
       Dungeon |   6009 |   5997 |     12 |     85 |      0 |   8 |  751.1 |
        Temple |    109 |    109 |      0 |      0 |      0 |   1 |  109.0 |
          Lair |    689 |    689 |      0 |    300 |      0 |   1 |  689.0 |
               +--------+--------+--------+--------+--------+-----+--------+

Top non-repeatable levels by time:
     D:7: 1029 daAuts
     D:5: 849 daAuts
     D:4: 814 daAuts
     D:6: 802 daAuts
  Lair:1: 689 daAuts
     D:1: 689 daAuts
     D:3: 676 daAuts
     D:8: 579 daAuts
     D:2: 569 daAuts
  Temple: 109 daAuts
